 Dungeon Crawl Stone Soup version bcrawl-1.12-8-g964540c432 (webtiles) character file.

Game seed: 5574122304764122367

1867 MisterOstroum the Fighter (level 8, -1/68 HPs)
             Began as a Demonspawn Archaeologist on June 5, 2019.
             Was an Initiate of Trog.
             Slain by a hornet (7 damage)
             ... on level 6 of the Dungeon.
             The game lasted 00:18:04 (6900 turns).

MisterOstroum the Fighter (DsAc)                    Turns: 6900, Time: 00:18:04

Health: -1/68      AC:  9    Str: 13    XL:     8   Next: 90%
Magic:  9/9        EV: 13    Int: 16    God:    Trog [......]
Gold:   316        SH:  0    Dex: 12    Spells: 7/7 levels left

rFire    . . .     SeeInvis .   f - +12 Vampire's Tooth {vamp}
rCold    . . .     Gourm    .   (no shield)
rNeg     + + .     Faith    .   I - +2 robe {rN+}
rPois    .         Spirit   .   g - +1 hat
rElec    .         Reflect  .   (no cloak)
rCorr    .         Harm     .   d - +1 pair of gloves
MR       .....                  c - +1 pair of boots
Stlth    ++........             (no amulet)
HPRegen  0.21/turn              o - ring of positive energy
MPRegen  0.11/turn              (no ring)

@: slowed, very slow
A: horns 1, demonic guardian 1, powered by pain 2
a: Renounce Religion


You were on level 6 of the Dungeon.
You worshipped Trog.
Trog was noncommittal.
You were hungry.

You visited 2 branches of the dungeon, and saw 7 of its levels.
You also visited: Sewer.

You collected 316 gold pieces.

Inventory:

Hand Weapons
 f - the +12 Vampire's Tooth (weapon) {vamp}

   It inflicts no extra harm, but heals its wielder when it wounds a living foe.
 p - a +0 spear
 t - a +1 short sword
Missiles
 y - 875 stones (quivered)
 C - 40 javelins of penetration
 D - 136 javelins
Armour
 c - a +1 pair of boots (worn)
 d - a +1 pair of gloves (worn)
 g - a +1 hat (worn)
 I - a +2 robe of positive energy (worn)
Jewellery
 o - a ring of positive energy (left hand)
Wands
 a - a wand of digging (10)
 b - a wand of polymorph (4)
 B - a wand of flame (7)
 E - a wand of iceblast (13)
Scrolls
 h - 2 scrolls of amnesia
 i - a scroll of remove curse {@r2}
 l - a scroll of identify {@r1}
 m - 3 scrolls of teleportation {@r3 !r}
 r - 3 scrolls of immolation
 w - a scroll of magic mapping {unknown}
 x - a scroll of fog {unknown}
 F - a scroll of enchant armour {unknown}
 G - a scroll of noise {unknown}
Potions
 k - 2 potions of ambrosia {unknown}
 n - 2 potions of heal wounds {unknown}
 q - a potion of flight
 s - 2 potions of curing {@q1 !q}
 u - 2 potions of mutation
 v - a potion of might {unknown}
 A - a potion of agility {@q5 !q}
Comestibles
 e - 7 rations {!d}


   Skills:
 + Level 8.2 Fighting
 - Level 8.0 Short Blades
 + Level 1.6 Armour
 + Level 3.3 Dodging
 - Level 3.0 Stealth
 + Level 1.8 Evocations


You had 7 spell levels left.
You didn't know any spells.
Your spell library was empty.

Dungeon Overview and Level Annotations

Branches:
Dungeon (6/12)             Temple (1/1) D:5

Altars:
Ashenzari
Cheibriados
Elyvilon
Gozag
Hepliaklqana
Lugonu
Makhleb
Nemelex Xobeh
Sif Muna
Trog
Uskayaw
Vehumet
The Shining One
Jiyva

Shops:
D:5 *

Annotations:
D:4 Robin
D:6 1 transporter, Slothtographer's ghost, novice OnAc


Innate Abilities, Weirdness & Mutations

You have a pair of small horns on your head.
A weak demonic guardian rushes to your aid.
You sometimes gain power by taking damage.


Message History

You are poisoned.
The killer bee poisons you! The hornet stings you.
You feel as though you will be slow longer.
Slothtographer's ghost hits you! The killer bee stings you.
You are more poisoned.
The killer bee poisons you! The killer bee stings you.
You puncture the killer bee!
You feel better.
The killer bee is severely wounded.
You feel sick.
The hornet stings you but does no damage.
You hit the killer bee but do no damage.
The killer bee is severely wounded.
You feel sick. The killer bee barely misses you. x2
Slothtographer's ghost barely misses you.
You puncture the killer bee!
You kill the killer bee!
Trog accepts your kill.
You feel sick. The killer bee barely misses you. The hornet stings you.
You are more poisoned.
You feel as though you will be slow longer.
Your white imp hits the hornet but does no damage.
You swap places.
You feel very sick.
The killer bee stings your white imp but does no damage.
The killer bee stings your white imp. The hornet stings you.
You are lethally poisoned!
You feel as though you will be slow longer.
Slothtographer's ghost hits your white imp!!
Your white imp dies!
The hornet closely misses you.
You feel very sick. The killer bee closely misses you.
The hornet completely misses you. The killer bee closely misses you.
The hornet barely misses you.
* * * LOW HITPOINT WARNING * * *
You feel very sick. The killer bee stings you.
* * * LOW HITPOINT WARNING * * *
You are more poisoned.
The killer bee poisons you!
The killer bee stings you but does no damage.
You miss the killer bee. Your headbutt misses the killer bee.
* * * LOW HITPOINT WARNING * * *
You feel sick. The killer bee barely misses you.
You hit the killer bee.
You feel better.
The killer bee is lightly wounded.
* * * LOW HITPOINT WARNING * * *
You feel sick. The killer bee barely misses you.
You miss the killer bee. Your headbutt misses the killer bee.
The killer bee is lightly wounded.
* * * LOW HITPOINT WARNING * * *
You feel sick.
The killer bee stings you but does no damage.
You puncture the killer bee!
You feel better.
You headbutt the killer bee.
You kill the killer bee!
Trog accepts your kill.
You feel sick.
Press: ? - help, v - describe, . - travel
Here: Slothtographer's ghost, wielding a vorpal weapon The floor.
You hit Slothtographer's ghost.
Slothtographer's ghost is lightly damaged.
You feel sick.
You barely miss Slothtographer's ghost.
Slothtographer's ghost is lightly damaged.
You feel sick.
You puncture Slothtographer's ghost!
Slothtographer's ghost is lightly damaged.
You feel sick. Slothtographer's ghost hits you.
You closely miss Slothtographer's ghost.
Slothtographer's ghost is lightly damaged.
You feel sick.
You puncture Slothtographer's ghost!
Your headbutt misses Slothtographer's ghost.
Slothtographer's ghost is moderately damaged.
You feel sick.
Slothtographer's ghost closely misses you.
Really quaff
s - 3 potions of curing {@q1 !q}?
You feel better. Slothtographer's ghost hits you.
You are feeling hungry.
You hit Slothtographer's ghost but do no damage.
You headbutt Slothtographer's ghost, but do no damage.
Slothtographer's ghost is moderately damaged.
Slothtographer's ghost hits you but does no damage.
You puncture Slothtographer's ghost!
Slothtographer's ghost is heavily damaged.
You hit Slothtographer's ghost.
Your headbutt misses Slothtographer's ghost.
Slothtographer's ghost is heavily damaged.
Slothtographer's ghost hits you.
You hit Slothtographer's ghost.
Your headbutt misses Slothtographer's ghost.
Slothtographer's ghost is heavily damaged.
You hit Slothtographer's ghost.
Slothtographer's ghost is severely damaged.
Slothtographer's ghost hits you!!
* * * LOW HITPOINT WARNING * * *
x2 The hornet stings you but does no damage.
The hornet misses you. The hornet stings you!
You die...

#...#.....#...........#
#........©............#
##..#############......#
#..#####([©$%#####.....#
#.###.#.#...#...###....
#.##..#..###..#.. ..#
##.###...#...#.. # #
#...#####..#..#### ..
#..###...#..@#...###
#..##..#..###yW#..#
#..###...#.y†#...# .#
#...#####..y..#####..#
#.#.§#############....
#..........©..........
###...................
#....##.............
#######.............


You could see a hornet and Slothtographer's ghost.

Vanquished Creatures
  Pikel (D:4)
  Sigmund (D:4)
  A meliai zombie (D:6)
  2 slaves (D:4)
  An orc warrior (D:5)
  An ogre (D:5)
  A centaur (D:5)
  A big kobold (Sewer)
  A scorpion (D:5)
  3 killer bees (D:6)
  4 crimson imps
  A centaur zombie (D:6)
  A quasit (D:6)
  An orc priest (D:3)
  A bullfrog skeleton (D:5)
  An iguana (D:5)
  2 worker ants
  A hound skeleton (D:5)
  A howler monkey zombie (D:5)
  2 adders (D:3)
  A shadow imp (D:6)
  An ooze (D:1)
  3 worms
  6 dart slugs
  2 leopard geckos
  9 orcs
  7 bats
  4 giant cockroaches
  10 goblins
  10 hobgoblins
  10 jackals
  4 quokkas
  3 ball pythons
  A frilled lizard (D:3)
  A jackal zombie (D:5)
  8 kobolds
  7 rats
115 creatures vanquished.

Vanquished Creatures (collateral kills)
  A slave (D:3)
  An ogre (D:5)
  A centaur (D:5)
  A water moccasin zombie (D:5)
  A crimson imp (D:4)
  An orc wizard (D:3)
  Jessica (D:2)
  2 orcs (D:5)
  A hobgoblin (D:2)
  A kobold (Sewer)
  A rat (D:2)
12 creatures vanquished.

Vanquished Creatures (others)
  A giant cockroach (D:2)
1 creature vanquished.

Grand Total: 128 creatures vanquished

Notes
Turn   | Place    | Note
-------+----------+-------------------------------------------
     0 | D:1      | MisterOstroum the Demonspawn Archaeologist began the quest
                  | for the Orb.
     0 | D:1      | Reached XP level 1. HP: 15/15 MP: 1/1
   190 | D:1      | Gained mutation: You sometimes gain a little power by
                  | taking damage. [demonic ancestry]
   190 | D:1      | Reached XP level 2. HP: 19/22 MP: 2/2
   563 | D:1      | Found a shattered altar of Ashenzari.
  1113 | D:1      | Gained mutation: A weak demonic guardian rushes to your
                  | aid. [demonic ancestry]
  1113 | D:1      | Reached XP level 3. HP: 29/29 MP: 3/3
  1407 | D:1      | Reached skill level 1 in Short Blades
  1938 | D:2      | Found a white marble altar of Elyvilon.
  2168 | D:2      | Noticed Jessica
  2230 | D:2      | Killed Jessica
  2230 | D:2      | Reached XP level 4. HP: 31/35 MP: 4/4
  2685 | D:3      | Found a glowing drain.
  2717 | Sewer    | Entered a sewer
  2778 | Sewer    | Noticed a big kobold
  2792 | Sewer    | Killed a big kobold
  2792 | Sewer    | Reached XP level 5. HP: 37/42 MP: 5/5
  2846 | Sewer    | Found a glowing silver altar of Zin.
  3256 | D:3      | Found a hide-covered altar of Uskayaw.
  3256 | D:3      | Noticed a +0 dagger
  3256 | D:3      | Noticed a +0 hand axe
  3812 | D:4      | Noticed a slave
  3812 | D:4      | Noticed Sigmund
  3849 | D:3      | Killed a slave
  3949 | D:4      | Noticed Robin
  4123 | D:4      | Noticed Pikel
  4127 | D:4      | Noticed a slave
  4143 | D:4      | Noticed a slave
  4145 | D:4      | Noticed a slave
  4484 | D:5      | Entered Level 5 of the Dungeon
  4523 | D:5      | Noticed an ogre
  4570 | D:5      | Killed an ogre
  4570 | D:5      | Gained mutation: You have a pair of small horns on your
                  | head. [demonic ancestry]
  4570 | D:5      | Reached XP level 6. HP: 13/50 MP: 6/6
  4848 | D:5      | Reached skill level 5 in Fighting
  4848 | D:5      | Reached skill level 5 in Short Blades
  5082 | D:5      | Found Biceozxe's Mayhem Merchandise.
  5449 | D:5      | Gained mutation: You sometimes gain power by taking damage.
                  | [demonic ancestry]
  5449 | D:5      | Reached XP level 7. HP: 11/56 MP: 7/7
  5906 | D:5      | Found a staircase to the Ecumenical Temple.
  6043 | Temple   | Entered the Ecumenical Temple
  6139 | Temple   | Became a worshipper of Trog the Wrathful
  6551 | D:4      | Killed Pikel
  6551 | D:4      | Reached XP level 8. HP: 67/67 MP: 8/8
  6591 | D:4      | Found a burning altar of Makhleb.
  6644 | D:4      | Killed Sigmund
  6759 | D:6      | Found a transporter.
  6760 | D:6      | Found a transporter.
  6761 | D:6      | Noticed Slothtographer's ghost (novice OnAc)
  6763 | D:6      | Noticed a hornet
  6839 | D:6      | Reached skill level 1 in Armour
  6839 | D:6      | Reached skill level 1 in Evocations
  6900 | D:6      | Slain by a hornet

Skill      XL: |  1  2  3  4  5  6  7  8 |
---------------+-------------------------+-----
Fighting       | 2 3 4 5 7 8 |  8.2
Short Blades   | 2 3 4 6 8 |  8.0
Armour         | 1 |  1.6
Dodging        | 3 |  3.3
Evocations     | 1 |  1.8
Stealth        | |  3.0

Action                   |  1- 3 |  4- 6 |  7- 9 || total
-------------------------+-------+-------+-------++-------
Melee: Unarmed           |   103 |       |       ||   103
       Spear             |   139 |    41 |       ||   180
       Club              |    25 |       |       ||    25
       Short sword       |       |   295 |    15 ||   310
       Headbutt          |       |    10 |    17 ||    27
       Quick blade       |       |       |    94 ||    94
Throw: Stone             |     7 |   117 |    74 ||   198
Evoke: Wand              |       |     3 |       ||     3
  Use: Scroll            |       |     7 |       ||     7
       Potion            |       |     5 |     2 ||     7
 Stab: Sleeping          |     1 |       |       ||     1
       Distracted        |       |     2 |       ||     2
  Eat: Chunk             |     5 |    10 |     2 ||    17
       Ration            |       |       |     2 ||     2
Armor: Scale mail        |   139 |   105 |       ||   244
       Chain mail        |       |    72 |    20 ||    92
       Robe              |       |       |    18 ||    18
Dodge: Dodged            |   128 |   104 |    38 ||   270
